Map: Deathaura LE

Players

Massa - Winner!

  • Race: Terran Terran
  • League: Platinum
  • Spawn Location: 5:00

Andrey

  • Race: Terran Terran
  • League: Platinum
  • Spawn Location: 11:00

VOD

Have the link to the VOD?

Description

Time

  • Played on: Oct. 24, 2020, 4:20 p.m.
  • Length: 18:20
Show
View Real Time Build Order
Export as new Build Order

Massa Terran - Winner!

Build Orders: Reaper Expand 

Get SALT Encoding   

  12  0:00  SCV  
  13  0:12  SCV  
  14  0:19  Supply Depot  
  14  0:24  SCV  
  15  0:40  SCV  
  15  0:42  Barracks  
  16  0:50  Refinery  
  16  0:53  SCV  
  17  1:05  SCV  
  18  1:17  SCV  
  19  1:30  Orbital Command  
  19  1:34  Reaper  
  20  1:42  Command Center  
  20  2:02  SCV  
  20  2:05  Marine  
  22  2:15  Supply Depot  
  22  2:21  Factory  
  22  2:24  SCV  
  22  2:29  Refinery  
  23  2:36  SCV  
  24  2:39  Barracks Reactor  
  24  2:55  SCV  
  25  3:01  Barracks  
  25  3:03  Command Center  
  25  3:10  Starport  
  25  3:15  Factory Tech Lab, Marine  
  26  3:20  SCV  
  27  3:37  Orbital Command  
  27  4:00  Medivac  
  27  4:01  Marine  
  27  4:02  Marine  
  31  4:06  Siege Tank  
  31  4:07  SCV x2  
  36  4:11  Barracks Tech Lab  
  36  4:13  Engineering Bay  
  36  4:15  Orbital Command  
  36  4:19  SCV x2  
  38  4:30  Marauder, Stimpack  
  40  4:31  SCV  
  40  4:32  SCV  
  40  4:38  Widow Mine  
  44  4:41  SCV  
  44  4:43  SCV  
  44  4:44  SCV  
  47  4:52  Liberator  
  50  4:53  SCV  
  50  4:56  SCV x2  
  50  4:59  Widow Mine  
  55  5:01  Refinery  
  55  5:03  Refinery  
  55  5:05  SCV  
  56  5:07  Missile Turret  
  56  5:10  Missile Turret  
  56  5:13  SCV  
  56  5:14  SCV, Missile Turret  
  58  5:15  Marine  
  58  5:19  Marauder  
  61  5:28  Missile Turret, Supply Depot  
  61  5:32  Missile Turret  
  61  5:48  Supply Depot  
  61  5:49  Missile Turret  
  61  5:50  Marauder, Marine x2, Siege Tank  
  61  5:51  SCV, Supply Depot  
  69  5:59  Starport Reactor  
  69  6:09  Marine  
  69  6:10  SCV x3  
  73  6:12  Marauder  
  69  6:27  Orbital Command  
  69  6:50  SCV  
  69  6:51  SCV  
  69  6:52  Medivac  
  69  6:53  Medivac  
  75  7:02  SCV  
  75  7:03  SCV  
  75  7:08  Marauder, Marine  
  79  7:09  Marine  
  79  7:10  Siege Tank  
  79  7:14  SCV  
  85  7:21  SCV  
  85  7:22  Supply Depot  
  85  7:40  Terran Infantry Weapons Level 1  
  85  7:43  Marine x2  
  85  7:44  SCV x3, Armory, Marauder, Supply Depot  
  92  7:46  Engineering Bay  
  92  7:52  Command Center  
  92  7:56  SCV  
  92  7:58  Command Center  
  93  8:01  Barracks  
  93  8:05  Marine x2  
  93  8:06  SCV x2, Barracks, Medivac x2  
  93  8:07  Supply Depot  
  101  8:19  Missile Turret  
  101  8:23  Refinery  
  101  8:24  Refinery  
  101  8:28  Marine x2  
  101  8:29  SCV x3, Marauder, Supply Depot  
  108  8:35  Combat Shield  
  108  8:40  Missile Turret  
  108  8:41  SCV  
  109  8:48  Sensor Tower  
  109  8:51  SCV x2, Marauder, Viking x2  
  117  9:00  Barracks Tech Lab  
  117  9:04  SCV x3, Missile Turret  
  120  9:10  Barracks Reactor  
  120  9:13  Marauder  
  120  9:16  SCV x3  
  125  9:21  Viking x2  
  125  9:23  Missile Turret  
  129  9:28  SCV x3  
  129  9:29  Marauder, Marine  
  129  9:30  Marine  
  136  9:31  Siege Tank  
  136  9:34  Marauder  
  136  9:36  Smart Servos  
  141  9:40  Orbital Command, SCV x2  
  141  9:44  Missile Turret  
  141  9:45  Orbital Command  
  143  9:46  SCV  
  143  9:47  Marine x2  
  146  9:52  SCV  
  146  9:54  Concussive Shells  
  147  10:05  Missile Turret  
  147  10:26  Missile Turret  
  147  11:01  Supply Depot  
  147  11:02  Supply Depot x2  
  147  11:04  Supply Depot  
  147  11:05  Terran Infantry Armor Level 1  
  147  11:07  Supply Depot  
  147  11:08  Supply Depot  
  147  11:23  Marauder, Marine x4, Viking x2, Siege Tank  
  147  11:24  Marauder  
  162  11:26  Supply Depot  
  162  11:28  Supply Depot x2  
  162  11:30  Supply Depot  
  162  11:31  Supply Depot  
  159  11:37  Supply Depot  
  159  11:40  Marine x4  
  159  11:45  Marauder x2  
  167  11:51  Supply Depot  
  167  11:54  Viking x2  
  161  11:56  Siege Tank  
  161  11:58  Marine x4  
  168  12:06  Marauder x2  
  172  12:09  Refinery  
  172  12:11  Refinery  
  172  12:14  SCV  
  172  12:15  SCV x2  
  175  12:16  Orbital Command, Marine x4  
  179  12:24  Viking x2  
  179  12:26  SCV  
  179  12:27  SCV x2, Marauder  
  179  12:28  Marauder, Siege Tank  
  193  12:34  Marine  
  187  12:38  SCV  
  187  12:39  SCV x2  
  187  12:42  SCV x2  
  189  12:49  Marauder x2  
  189  12:50  SCV  
  189  12:51  SCV x2  
  196  12:54  SCV, Terran Infantry Weapons Level 2  
  196  12:58  Armory  
  197  13:00  Terran Vehicle And Ship Armor Level 1  
  197  13:02  SCV  
  197  13:03  SCV, Marine  
  155  13:48  Command Center  
  155  13:51  Sensor Tower  
  155  13:53  SCV x4  
  159  14:03  Siege Tank  
  159  14:04  Command Center  
  159  14:05  Marauder x2, Marine  
  159  14:06  Marine x3  
  170  14:11  Command Center  
  170  14:23  Marine  
  170  14:24  Marine x3  
  174  14:26  Marauder  
  174  14:27  Marauder  
  178  14:35  Siege Tank  
  181  14:41  Marine x4  
  185  14:45  Factory  
  185  14:46  Factory  
  185  14:47  Command Center  
  185  14:48  Marauder x2  
  185  14:50  Factory  
  189  14:59  Marine x4, Command Center  
  193  15:08  Siege Tank  
  193  15:09  Marauder x2  
  200  15:14  Terran Infantry Weapons Level 3, Terran Infantry Armor Level 2  
  200  15:16  Terran Vehicle And Ship Armor Level 2, Terran Vehicle Weapons Level 1  
  200  15:28  Planetary Fortress  
  200  15:30  Planetary Fortress  
  200  15:36  Refinery  
  200  15:38  Factory Tech Lab  
  200  15:39  Factory Tech Lab x2  
  200  15:41  Refinery  
  200  15:43  Refinery  
  200  15:48  Starport  
  200  15:49  Starport  
  200  15:51  Starport  
  199  16:01  Marine  
  180  16:27  Starport  
  176  16:46  Marauder, Marine  
  176  16:47  Marauder, Marine x3  
  181  16:49  Siege Tank  
  187  16:56  Siege Tank x2  
  187  16:57  Siege Tank  
  196  17:04  Marine  
  196  17:05  Marine x3  
  200  17:21  Siege Tank  
  200  17:22  Marine  
  183  17:33  Marauder, Marine  
  183  17:34  Marauder, Marine x2  
  174  17:40  Marine  
  174  17:41  SCV  
  167  17:51  Marine  
  167  17:52  Marine x2  
  167  17:53  SCV  
  167  17:54  Marauder  
  167  17:55  Marauder  
  167  17:58  Marine  
  163  18:05  SCV  
Show
View Real Time Build Order
Export as new Build Order

Andrey Terran 

Build Orders: Gas First Reaper Expand 

Get SALT Encoding   

  12  0:01  SCV  
  13  0:17  Supply Depot  
  13  0:24  Refinery  
  13  0:29  SCV  
  14  0:39  Barracks  
  14  0:43  SCV  
  15  1:30  Reaper  
  15  1:31  Command Center  
  16  1:41  SCV  
  17  1:53  SCV  
  18  2:05  SCV  
  19  2:09  Supply Depot  
  19  2:10  Factory  
  19  2:16  Barracks Reactor  
  19  2:20  SCV  
  20  2:33  SCV  
  20  2:53  Marine x2  
  20  2:55  SCV  
  20  2:57  Factory Tech Lab  
  24  3:00  Orbital Command  
  24  3:01  Refinery  
  23  3:07  SCV  
  24  3:17  Marine x2  
  24  3:19  SCV  
  27  3:24  Siege Tank  
  30  3:29  SCV  
  30  3:31  SCV  
  33  3:41  SCV  
  33  3:55  Orbital Command  
  33  3:56  SCV  
  34  4:06  Engineering Bay  
  34  4:08  SCV  
  35  4:13  Bunker  
  35  4:20  Starport, SCV  
  36  4:25  SCV  
  36  4:28  Refinery  
  37  4:33  SCV, Supply Depot  
  37  4:37  SCV, Siege Tank  
  42  4:39  Marine  
  42  4:41  Marine  
  42  4:45  SCV  
  45  4:53  Terran Infantry Weapons Level 1  
  45  4:56  Missile Turret  
  45  5:00  Missile Turret  
  45  5:04  SCV  
  45  5:05  SCV  
  45  5:06  Refinery, Starport Reactor  
  47  5:09  Siege Tank  
  50  5:14  Marine  
  50  5:15  Marine  
  50  5:16  SCV  
  50  5:19  Barracks  
  53  5:22  Barracks  
  53  5:25  Engineering Bay  
  53  5:31  Missile Turret  
  53  5:41  Marine  
  54  5:53  Missile Turret  
  54  5:59  Terran Infantry Armor Level 1  
  54  6:11  Supply Depot  
  54  6:13  Supply Depot  
  54  6:20  Supply Depot  
  54  6:26  Barracks Tech Lab  
  54  6:28  Barracks Tech Lab  
  54  6:30  Marine  
  54  6:31  SCV  
  54  6:32  Medivac x2  
  57  6:36  Marine  
  57  6:43  SCV  
  58  6:48  Marine  
  59  6:54  Marine x2  
  59  6:55  Marauder  
  59  6:56  Missile Turret  
  63  7:02  Medivac x2  
  63  7:05  Marine  
  68  7:12  Marine x2  
  68  7:13  Command Center  
  70  7:15  Marine  
  70  7:35  Command Center  
  70  7:36  Marine x2  
  76  7:37  Marauder x2  
  76  7:40  Sensor Tower  
  76  7:45  Medivac  
  78  7:51  Stimpack  
  78  7:52  Combat Shield  
  78  7:53  Supply Depot  
  78  7:54  Supply Depot  
  78  8:13  Armory  
  78  8:15  Medivac x2, Siege Tank  
  85  8:23  Armory  
  85  8:24  Marine  
  85  8:25  Marine  
  87  8:33  Marine  
  87  8:34  Marauder  
  90  8:42  Marine  
  90  8:43  Marine  
  90  8:46  SCV x2  
  94  8:49  Orbital Command  
  94  8:51  Marauder  
  94  8:55  Marauder  
  98  8:58  SCV  
  98  8:59  SCV  
  98  9:00  Terran Infantry Armor Level 2, Marine x2  
  102  9:03  Terran Infantry Weapons Level 2  
  102  9:10  SCV  
  102  9:12  Refinery  
  102  9:14  Refinery  
  102  9:16  SCV x2  
  105  9:19  Marine x2  
  105  9:20  Marauder  
  109  9:31  Concussive Shells  
  109  9:37  Supply Depot x2  
  109  9:38  Supply Depot  
  109  9:40  Barracks  
  109  9:41  Barracks  
  109  9:46  Barracks  
  109  9:48  Terran Vehicle Weapons Level 1  
  109  9:51  Terran Vehicle And Ship Armor Level 1  
  109  9:58  SCV, Marauder x2, Marine x2  
  116  10:16  Marine x2  
  116  10:20  Marauder x2  
  117  11:08  Missile Turret  
  117  11:13  Marine x3  
  117  11:14  Marauder  
  122  11:19  Barracks Reactor  
  122  11:21  Medivac x2  
  122  11:24  Barracks Reactor  
  122  11:25  Barracks Reactor  
  126  11:31  Marine x2  
  126  11:32  Marauder  
  129  11:35  Marauder  
  129  11:49  Marine x2  
  129  11:51  Medivac  
  133  12:04  Missile Turret  
  133  12:05  Missile Turret  
  133  12:07  Supply Depot  
  133  12:25  Terran Vehicle Weapons Level 2  
  133  12:27  Supply Depot  
  133  12:28  SCV x2, Marauder x2, Marine x2  
  133  12:29  Supply Depot  
  141  12:30  Terran Vehicle And Ship Armor Level 2  
  141  12:36  SCV  
  141  12:38  Marine  
  141  12:48  SCV x2, Siege Tank  
  141  12:50  Marauder  
  141  12:51  Marauder  
  150  12:54  Marine x3, Missile Turret  
  153  13:01  SCV  
  154  13:11  Marauder  
  156  13:13  SCV  
  157  13:21  Marauder  
  157  13:25  SCV  
  142  13:33  Marauder  
  106  13:35  Marine  
  60  13:41  Marine x3  
  60  13:42  Marauder, Marine x4  
  69  13:50  Siege Tank  
  69  13:52  Marine, Medivac x2  
  69  13:54  Marauder  
  79  13:59  Marine x4  
  83  14:03  Marauder  
  85  14:15  Marauder  
  87  14:22  Medivac x2, Siege Tank  
  95  14:24  SCV x3  
  95  14:25  Marauder, Marine x5  
  95  14:26  Marine x3  
  107  14:36  SCV  
  107  14:37  Marauder  
  110  14:41  Terran Infantry Weapons Level 3  
  110  14:42  Marine  
  110  14:43  Marine x4  
  115  14:45  Terran Infantry Armor Level 3  
  115  14:46  Marauder  
  115  14:52  Medivac  
  119  14:54  Siege Tank  
  119  14:58  Marauder  
  124  15:00  Marine x2  
  126  15:07  Marauder  
  128  15:14  Marine x2  
  128  15:18  Medivac  
  128  15:20  Marauder, Marine x2  
  128  15:21  Marine  
  137  15:22  Medivac  
  139  15:29  Marauder  
  139  15:34  Marine  
  139  15:35  Marine x2  
  144  15:41  Marauder  
  146  15:50  Marauder  
  148  16:02  Marauder  
  150  16:12  Marauder  
  132  16:24  Marauder  
  112  16:28  Orbital Command  
  112  16:32  Marine x2  
  111  16:33  Marauder  
  109  16:45  Marauder  
  111  16:52  Marine  
  109  16:54  Marauder  
  108  17:06  Marauder  
  66  17:36  Marine x2  
Tags
 
Add a new tag
Caveats
  • Supply blocks, unpowered buildings, or Contaminate may cause inaccurate times.
  • Supply counts are checked every 10 seconds.